 Dungeon Crawl Stone Soup version 0.29.1-12-g30fa7ad0bf (webtiles) character file.

Game seed: 8301908010846337456

37 wormed the Chopper (level 3, -1/49 HPs)
             Began as a Minotaur Berserker on Dec 25, 2022.
             Was a Follower of Trog.
             Succumbed to an adder's poison
             ... on level 1 of the Dungeon.
             The game lasted 00:02:18 (1395 turns).

wormed the Chopper (Minotaur Berserker)             Turns: 1395, Time: 00:02:18

Health: -1/49      AC:  2    Str: 23    XL:     3   Next: 21%
Magic:  2/2        EV: 12    Int:  4    God:    Trog [*.....]
Gold:   29         SH:  0    Dex:  9    Spells: 2/2 levels left

rFire   . . .      SeeInvis .   a - +0 hand axe
rCold   . . .      Faith    .   (no shield)
rNeg    . . .      Spirit   .   b - +0 animal skin
rPois   .          Reflect  .   (helmet restricted)
rElec   .          Harm     .   (no cloak)
rCorr   .          Rampage  .   (no gloves)
Will    .....                   (no boots)
Stlth   ..........              (no amulet)
HPRegen 0.16/turn               (no ring)
MPRegen 0.08/turn               (no ring)

@: berserking, lethally poisoned (-1 -> -8), very quick
A: horns 2, retaliatory headbutt
a: Renounce Religion, Berserk


You were on level 1 of the Dungeon.
You worshipped Trog.
Trog was aware of your devotion.
You visited 1 branch of the dungeon, and saw 2 of its levels.

You collected 29 gold pieces.

Inventory:

Hand Weapons
 a - a +0 hand axe (weapon)
Armour
 b - a +0 animal skin (worn)
Scrolls
 d - a scroll of fear {unknown}
 e - a scroll of immolation {unknown}
 g - a scroll of enchant armour {unknown}
 h - a scroll of torment {unknown}
 i - a scroll of magic mapping {unknown}
 j - a scroll of identify {unknown}
 l - a scroll of blinking {unknown}
 m - 2 scrolls of amnesia {unknown}
Potions
 c - a potion of curing {unknown}
 f - 2 potions of mutation {unknown}
 k - a potion of ambrosia {unknown}


   Skills:
 + Level 3.9 Fighting
 * Level 4.2 Axes
 + Level 2.8 Armour
 + Level 2.6 Dodging
 + Level 1.2 Shields


You had 2 spell levels left.
You didn't know any spells.
Your spell library was empty.

Dungeon Overview and Level Annotations

Branches:
Dungeon (2/15)

Altars:


Innate Abilities, Weirdness & Mutations

You have a pair of horns on your head.
You reflexively headbutt those who attack you in melee.


Message History

There is a stone staircase leading up, spattered with blood here.
The adder barely misses you. The goblin hits you with a +0 club.
Terence hits you with a +0 flail!
You climb upwards.
There is a stone staircase leading down here.
A red film seems to cover your vision as you go berserk!
You feel yourself moving faster!
You feel mighty! The adder bites you.
You are poisoned.
The adder poisons you! The goblin hits you with a +0 club.
* * * LOW HITPOINT WARNING * * *
You closely miss the adder. You barely miss the goblin.
You feel sick. The adder bites you.
* * * LOW HITPOINT WARNING * * *
The goblin hits you but does no damage.
You hit the goblin.
You kill the goblin!
Trog accepts your kill.
You barely miss the adder.
You feel sick. The adder bites you.
* * * LOW HITPOINT WARNING * * *
You miss the adder. You hit Terence.
You feel sick. The adder bites you.
* * * LOW HITPOINT WARNING * * *
You are lethally poisoned!
The adder poisons you! The adder bites you.
* * * LOW HITPOINT WARNING * * *
You are too berserk!
Okay, then.
You miss the adder. You barely miss Terence.
* * * LOW HITPOINT WARNING * * *
You feel sick. Terence misses you.
You slash Terence! Your headbutt misses Terence.
Terence is heavily wounded.
You hit the adder.
* * * LOW HITPOINT WARNING * * *
You feel sick. The adder barely misses you. Terence closely misses you.
You furiously retaliate!
You headbutt Terence. You slash Terence!
You kill Terence!
Trog accepts your kill.
You hit the adder.
You die...

#..............#
#...####.#...#.#
#..............# ##.##
#.#####.#
#.8..∩..∩..∩...####.# #.#
#.# #...................#
#.# #.#
######..........###.# #.#
#.# #####..#.### #.#
#.#####.# #......#.#
#.#####....##.#
#.###)##.#####.............#
#.# #)##..S@)........[..####
#.# #.##.####..#######..#
#.###.##.## #.## #..#
#.........###.# #..#
#.....).#..##.# ####..#
#......###..#.#####.....#
#.......#...............#
#...........#.#####.#####
#..........##.# #.#


You could see an adder.

Vanquished Creatures
  Terence (D:1)
  A dart slug (D:1)
  3 endoplasms (D:1)
  2 hobgoblins (D:1)
  6 jackals (D:1)
  2 kobolds (D:1)
  2 quokkas (D:1)
  6 ball pythons (D:1)
  2 bats (D:1)
  A frilled lizard (D:1)
  4 goblins (D:1)
  3 rats (D:1)
33 creatures vanquished.

Notes
Turn   | Place    | Note
-------+----------+-------------------------------------------
     0 | D:1      | wormed the Minotaur Berserker began the quest for the Orb.
     0 | D:1      | Reached XP level 1. HP: 19/19 MP: 0/0
   492 | D:1      | Reached XP level 2. HP: 27/27 MP: 1/1
   569 | D:1      | Reached skill level 4 in Axes
   584 | D:1      | Reached skill level 1 in Shields
   997 | D:1      | Found a faded altar of an unknown god.
  1068 | D:1      | Reached XP level 3. HP: 33/33 MP: 2/2
  1373 | D:2      | Noticed Terence
  1394 | D:1      | HP: 1/49 [poisoned by an adder]
  1395 | D:1      | Killed Terence
  1395 | D:1      | Succumbed to an adder's poison

Illustrated notes

Levels and vault maps discovered:
D:1:      dpeg_arrival_connections, layout_loops_ring,
          hellmonk_ecumenical_altar_arch_garden
D:2:      layout_rooms, kennysheep_cluttered_room, uniq_terence

Skill      XL: |  1  2 |
---------------+-------+-----
Axes           | 4 |  4.2
Shields        | 1 |  1.2
Fighting       | |  3.9
Armour         | |  2.8
Dodging        | |  2.6

Action                   || total
-------------------------++-------
Melee: Hand axe          ||    73
       Headbutt          ||    10
       Punch             ||     1
Invok: Berserk           ||     2
 Stab: Sleeping          ||     1
Armor: Animal skin       ||    10
Dodge: Dodged            ||    58
